 Dungeon Crawl Stone Soup version 0.29-a0-234-g0dae59b3db (console) character file.

Game seed: 2715352690597999968

2 petzl the Vexing (level 1, 0/15 HPs)
             Began as a Formicid Arcane Marksman on Mar 2, 2022.
             Slain by a quokka (2 damage)
             ... on level 1 of the Dungeon.
             The game lasted 00:01:11 (264 turns).

petzl the Vexing (Formicid Arcane Marksman)          Turns: 264, Time: 00:01:11

Health: 0/15       AC:  3    Str: 14    XL:     1   Next: 33%
Magic:  0/2        EV: 11    Int: 12    God:
Gold:   0          SH:  0    Dex: 11    Spells: 1/2 levels left

rFire   . . .      SeeInvis +   (no weapon)
rCold   . . .      Faith    .   (no shield)
rNeg    . . .      Spirit   .   c - +0 leather armour
rPois   .          Reflect  .   (helmet unavailable)
rElec   .          Harm     .   (no cloak)
rCorr   .          Rampage  .   (no gloves)
Will    .....                   (no boots)
Stlth   +.........              (no amulet)
HPRegen 0.05/turn               (no ring)
MPRegen 0.08/turn               (no ring)

@: no status effects
A: permanent stasis, dig shafts and tunnels, antennae 3, four strong arms
a: Dig, Shaft Self


You were on level 1 of the Dungeon.
You visited 1 branch of the dungeon, and saw 1 of its levels.

Inventory:

Hand Weapons
 a - a +0 hand crossbow
Armour
 b - a +0 robe
 c - a +0 leather armour (worn)


   Skills:
 + Level 1.1 Fighting
 - Level 2.0 Crossbows
 + Level 0.0 Armour
 + Level 1.8 Dodging
 + Level 0.2 Stealth
 * Level 1.1 Spellcasting
 - Level 3.6 Hexes


You had one spell level left.
You knew the following spells:

 Your Spells              Type           Power      Damage    Failure   Level
a - Slow                  Hex            36%        N/A       9%          1

Your spell library contained the following spells:

 Spells                   Type           Power      Damage    Failure   Level
 Inner Flame              Hex/Fire       5%         N/A       47%         3
 Portal Projectile        Hex/Tloc       10%        N/A       47%         3
 Cause Fear               Hex            4%         N/A       63%         4


Dungeon Overview and Level Annotations

Branches:
Dungeon (1/15)

Altars:


Innate Abilities, Weirdness & Mutations

You cannot be hasted, slowed, berserked, paralysed or teleported.
You can dig through walls and to a lower floor.
You have a pair of large antennae on your head. (SInv)
Your four strong arms can wield two-handed weapons with a shield.


Message History

The rat is heavily wounded.
The rat misses you.
You hit the rat but do no damage.
The rat is heavily wounded.
The rat bites you.
You barely miss the rat.
The rat is heavily wounded.
The rat bites you.
You hit the rat but do no damage.
The rat is heavily wounded.
The rat bites you.
You hit the rat.
You kill the rat!
You start resting.
HP restored.
A quokka comes into view.
Found a stone staircase leading down.
Casting: Slow (safe; 9% risk of failure)
Confirm with . or Enter, or press ? or * to list all spells.
Aiming: Slow (safe; 9% risk of failure)
Press: ? - help, Shift-Dir - straight line, f - quokka
Aim: a quokka (chance to affect: 64%)
The quokka struggles to resist.
The quokka closely misses you.
Casting: Slow (safe; 9% risk of failure)
Confirm with . or Enter, or press ? or * to list all spells.
Aiming: Slow (safe; 9% risk of failure)
Press: ? - help, Shift-Dir - straight line, f/p - quokka
Aim: a quokka (chance to affect: 64%)
The quokka struggles to resist.
The quokka bites you.
You closely miss the quokka. The quokka bites you.
You hit the quokka but do no damage. The quokka barely misses you.
You hit the quokka but do no damage. The quokka bites you. x2
You closely miss the quokka. The quokka bites you.
* * * LOW HITPOINT WARNING * * *
You closely miss the quokka. The quokka bites you.
* * * LOW HITPOINT WARNING * * *
You completely miss the quokka.
The quokka twitches its whiskers.
The quokka bites you.
You die...

#..###≈≈.# #...#≈.#.#
#.####≈≈.####.#.#≈≈#.#
#.#≈≈#≈...#......#≈≈.. {
#.'.≈#≈<..'......#...##
#.'.≈#≈...'............
##.#≈≈#≈...#....≈#.......
#..####≈≈.####..##≈......
#...###≈≈.# #..# ≈#..
#.#..###≈.+ #....≈#..
...##.###### #≈....≈.###
##. #..## #≈≈.......# # .
#.
##..#######≈≈≈......#.#.#
..
#.......###≈≈......#...
.. #.###....##≈≈≈........
.. #.....##..##≈≈≈....##
####.####....≈......# #.#
####........# #.#
#........# { #.#
########@# #.# #r# #.#
#.. ... ##.. .## ... ..>.
#####


You could see a quokka.

Vanquished Creatures
  A ball python (D:1)
  A rat (D:1)
2 creatures vanquished.

Notes
Turn   | Place    | Note
-------+----------+-------------------------------------------
     0 | D:1      | petzl the Formicid Arcane Marksman began the quest for the
                  | Orb.
     0 | D:1      | Reached XP level 1. HP: 15/15 MP: 2/2
   264 | D:1      | Slain by a quokka

Illustrated notes

Levels and vault maps discovered:
D:1:      denvon_arrival_waterhouse, layout_rooms

Action                   || total
-------------------------++-------
Melee: Unarmed           ||    16
 Cast: Slow              ||     2
Armor: Leather armour    ||     1
Dodge: Dodged            ||     5

Table legend: (Time is in decaauts)
 A = Elapsed time spent in this place.
 B = Non-inter-level travel time spent in this place.
 C = Inter-level travel time spent in this place.
 D = Time resting spent in this place.
 E = Time spent auto-exploring this place.
 F = Levels seen in this place.
 G = Mean time per level.
                   A        B        C        D        E       F      G
               +--------+--------+--------+--------+--------+-----+--------+
         Total |    263 |    263 |      0 |    144 |     67 |   1 |  263.0 |
       Dungeon |    263 |    263 |      0 |    144 |     67 |   1 |  263.0 |
               +--------+--------+--------+--------+--------+-----+--------+

Top non-repeatable levels by time:
     D:1: 263 daAuts
